 Dungeon Crawl Stone Soup version 0.23.2-33-g5129a83 (webtiles) character file.

Game seed: 15193120899974760901

12584 Dharzhak the Carver (level 11, -6/148 HPs)
             Began as a Minotaur Fighter on July 14, 2019.
             Was an Initiate of Gozag.
             Mangled by an ice devil (9 damage)
             ... in an ice cave.
             The game lasted 00:47:46 (10136 turns).

Dharzhak the Carver (Minotaur Fighter)             Turns: 10136, Time: 00:47:48

Health: -6/148     AC: 26    Str: 30    XL:     11   Next: 64%
Magic:  11/11      EV: 18    Int:  5    God:    Gozag
Gold:   399        SH: 15    Dex: 14    Spells: 10/10 levels left

rFire    . . .     SeeInvis .   a - +0 long sword (vamp)
rCold    . . .     Gourm    .   c - +1 shield
rNeg     . . .     Faith    .   L - +0 plate armour
rPois    .         Spirit   .   b - +2 hat {MR+}
rElec    .         Reflect  .   n - +0 cloak
rCorr    .         Harm     .   F - +0 pair of gloves
MR       +....                  d - +2 pair of boots {run}
Stlth    ..........             s - amulet of regeneration
HPRegen  0.74/turn              C - +4 ring of protection
MPRegen  0.12/turn              q - +3 ring of evasion

@: agile, berserking, gold aura, hasted, very quick
A: retaliatory headbutt, horns 2
a: Potion Petition, Call Merchant, Bribe Branch, Renounce Religion


You were in an ice cave.
You worshipped Gozag.
Gozag was aware of your devotion.
You were not hungry.

You visited 2 branches of the dungeon, and saw 11 of its levels.
You also visited: Ice Cave.

You collected 2162 gold pieces.
You spent 855 gold pieces at shops.
You paid 908 gold pieces to Gozag.

Inventory:

Hand Weapons
 a - a +0 vampiric long sword (weapon)
Missiles
 w - 18 tomahawks (quivered)
Armour
 b - a +2 hat of magic resistance (worn)
 c - a +1 shield (worn)
 d - a +2 pair of boots of running (worn)
 n - a +0 cloak (worn)
 F - a +0 pair of gloves (worn)
 I - a +2 pair of boots of flying
 L - a +0 plate armour (worn)
Jewellery
 q - a +3 ring of evasion (right hand)
 s - an amulet of regeneration (around neck)
 B - an uncursed ring of protection from magic
 C - a +4 ring of protection (left hand)
 E - an uncursed ring of poison resistance
 H - an uncursed ring of resist corrosion
Wands
 i - a wand of clouds (1)
 u - a wand of random effects (41)
 J - a wand of acid (10)
Scrolls
 g - 2 scrolls of enchant armour
 k - 8 scrolls of teleportation
 l - 2 scrolls of amnesia
 y - a scroll of enchant weapon {unknown}
 z - a scroll of immolation
 A - a scroll of fog {unknown}
 G - a scroll of holy word {unknown}
 K - a scroll of blinking
Potions
 e - a potion of haste
 h - a potion of cancellation
 j - 5 potions of curing
 m - 2 potions of brilliance
 o - a potion of resistance
 r - 2 potions of mutation
 x - 2 potions of flight
Comestibles
 f - 19 rations


   Skills:
 + Level 9.9 Fighting
 + Level 12.4 Long Blades
 + Level 9.8 Armour
 + Level 5.3 Dodging
 + Level 2.3 Stealth
 + Level 11.6 Shields
 + Level 1.0 Unarmed Combat
 + Level 1.4 Evocations


You had 10 spell levels left.
You didn't know any spells.
Your spell library was empty.

Dungeon Overview and Level Annotations

Branches:
Dungeon (10/15)            Temple (0/1) D:7             Orc (1/2) D:9
   Lair: D:8-11

Altars:
Gozag
Makhleb
Okawaru
Zin
Beogh

Shops:
D:4 *   D:5 *   D:7 =   D:8 *   D:9 *

Annotations:
D:6 1 runed translucent door
D:9 1 runed translucent door, azarias's ghost, journeyman HaHu
D:10 2 runed translucent doors, Progressivangelist's ghost, journeyman MiBe


Innate Abilities, Weirdness & Mutations

You reflexively headbutt those who attack you in melee.
You have a pair of horns on your head.


Message History

You kill the reaper!
The ice devil hits you but does no damage.
The ice devil closely misses you.
You completely miss the ice devil. The ice devil barely misses you.
You hit the ice devil.
The ice devil is lightly wounded.
You block the ice devil's attack. The ice devil closely misses you.
Unknown command.
You are too berserk!
You barely miss the ice devil.
The ice devil is lightly wounded.
The ice devil barely misses you.
The ice devil hits you but does no damage.
You slash the ice devil!
The ice devil is heavily wounded.
The ice devil hits you!
* * * LOW HITPOINT WARNING * * *
The ice devil freezes you!
You die...
Your body crumbles into a pile of gold.

###§§§........###
####..#
#§§°°§....##..§○###
#..#
#°☼.°°.####..##.°§§§#
##..
#§§§§≈☼○#≈.......#☼§.§
##.
§§.§§§§##......###☼°§☼
##..
§§§§.§##.☼§...##§§☼°§§
##.≈.
§§.°§§§☼...#....4§☼§§#
#...#
#○°°§§###..#44###...##
#...# ##.. ....#.@4.#
## ##... .... #.$....#
##... # ....##.##
##.... #..... ##
#...∩. ###.## #.....
... ##..∩. |} ##...
### ####


You could see 3 ice devils.

Vanquished Creatures
  A reaper (IceCv)
  Snorg (D:9)
  Harold (D:8)
  Nergalle (D:10)
  An unseen horror (D:10)
  Joseph (D:7)
  2 ice statues (IceCv)
  6 ice devils (IceCv)
  Grinder (D:3)
  3 hippogriffs
  2 wyverns (D:9)
  Sigmund (D:4)
  Eustachio (D:4)
  Edmund (D:4)
  Menkaure (D:5)
  A soldier ant (D:9)
  9 orc warriors
  An eye of draining (D:10)
  12 ice beasts
  A necrophage (D:8)
  3 phantoms
  2 sky beasts
  4 ogres
  3 centaurs
  A bullfrog (D:9)
  3 scorpions
  4 howler monkeys
  2 jellies
  5 crimson imps
  A centaur skeleton (D:4)
  9 hounds
  6 orc priests
  4 iguanas
  8 orc wizards
  6 worker ants
  A killer bee zombie (D:8)
  2 worker ant zombies
  Robin (D:4)
  4 gnolls (D:3)
  8 adders
  3 shadow imps
  6 white imps (IceCv)
  6 ufetubi (IceCv)
  3 oozes
  An adder zombie (D:9)
  2 adder skeletons
  4 leopard geckos
  38 orcs
  5 bats
  4 giant cockroaches
  15 goblins
  7 hobgoblins
  10 jackals
  A ball python (D:2)
  3 frilled lizards
  A jackal skeleton (D:7)
  9 kobolds
  A leopard gecko skeleton (D:8)
  2 rats (D:1)
246 creatures vanquished.

Vanquished Creatures (others)
  3 white imps (IceCv)
  2 ufetubi (IceCv)
  A fungus (D:9)
  8 plants (D:9)
14 creatures vanquished.

Grand Total: 260 creatures vanquished

Notes
Turn   | Place    | Note
-------+----------+-------------------------------------------
     0 | D:1      | Dharzhak the Minotaur Fighter began the quest for the Orb.
     0 | D:1      | Reached XP level 1. HP: 19/19 MP: 0/0
   254 | D:1      | Reached XP level 2. HP: 27/27 MP: 1/1
  1005 | D:3      | Reached XP level 3. HP: 32/33 MP: 2/2
  1085 | D:3      | Noticed Grinder
  1101 | D:3      | Paralysed by Grinder for 2 turns
  1107 | D:3      | Paralysed by Grinder for 3 turns
  1108 | D:3      | HP: 1/33 [Grinder (2)]
  1113 | D:3      | Killed Grinder
  1113 | D:3      | Reached skill level 5 in Fighting
  1113 | D:3      | Reached skill level 3 in Long Blades
  1113 | D:3      | Reached skill level 5 in Shields
  1113 | D:3      | Reached XP level 4. HP: 30/42 MP: 3/3
  1113 | D:3      | Reached XP level 5. HP: 34/48 MP: 4/4
  1300 | D:3      | Reached skill level 4 in Long Blades
  1466 | D:3      | Found an iron altar of Okawaru.
  1523 | D:3      | Reached XP level 6. HP: 37/56 MP: 5/5
  1650 | D:3      | Reached skill level 1 in Dodging
  2312 | D:4      | Reached skill level 5 in Long Blades
  2312 | D:4      | Reached skill level 5 in Armour
  2498 | D:4      | Noticed Eustachio
  2656 | D:4      | You fall through a shaft for 2 floors!
  2661 | D:6      | Reached XP level 7. HP: 54/61 MP: 6/6
  2664 | D:5      | Entered Level 5 of the Dungeon
  2919 | D:5      | Found Gozag's Platinum Reserve.
  2993 | D:5      | Reached skill level 1 in Stealth
  3099 | D:5      | Found an opulent altar of Gozag.
  3112 | D:5      | Became a worshipper of Gozag Ym Sagoz the Greedy
  3225 | D:5      | Reached skill level 6 in Long Blades
  3400 | D:4      | Noticed Sigmund
  3408 | D:4      | Noticed Robin
  3410 | D:4      | Noticed Edmund
  3642 | D:4      | Killed Eustachio
  3642 | D:4      | Reached skill level 7 in Long Blades
  3642 | D:4      | Reached XP level 8. HP: 71/71 MP: 7/7
  3731 | D:4      | Killed Sigmund
  3814 | D:4      | Killed Robin
  3836 | D:4      | Killed Edmund
  3966 | D:4      | Found Hexorph's General Store.
  3974 | D:4      | Bought a scroll of identify for 28 gold pieces
  3974 | D:4      | Bought a scroll of brand weapon for 280 gold pieces
  4322 | D:5      | Noticed Menkaure
  4333 | D:5      | Killed Menkaure
  4333 | D:5      | Reached skill level 8 in Long Blades
  4638 | D:5      | Reached skill level 1 in Unarmed Combat
  4638 | D:5      | Reached skill level 1 in Evocations
  4870 | D:5      | Reached XP level 9. HP: 79/79 MP: 8/8
  5164 | D:6      | Found a glowing silver altar of Zin.
  5164 | D:6      | Found a runed translucent door.
  5164 | D:6      | Noticed an angel
  5714 | D:7      | Reached skill level 9 in Long Blades
  5739 | D:7      | Noticed Joseph
  5989 | D:7      | Found a staircase to the Ecumenical Temple.
  6013 | D:7      | Killed Joseph
  6254 | D:7      | Found a burning altar of Makhleb.
  6363 | D:7      | Found Ufedestro's Jewellery Shoppe.
  6374 | D:7      | Bought an uncursed amulet of regeneration for 360 gold
                  | pieces
  6571 | D:8      | Noticed Harold
  6598 | D:8      | Killed Harold
  6598 | D:8      | Reached skill level 10 in Long Blades
  6778 | D:8      | Found Ligorhaisk's General Store.
  6811 | D:8      | Reached XP level 10. HP: 88/88 MP: 9/9
  7388 | D:9      | Found a staircase to the Orcish Mines.
  7744 | D:9      | Found Deam's Assorted Antiques.
  7805 | D:9      | Bought a pair of glowing boots for 187 gold pieces
  7848 | D:9      | Found a runed translucent door.
  7849 | D:9      | Noticed azarias's ghost (journeyman HaHu)
  7851 | D:9      | Identified the +9 spear of Abbitegi {protect, rElec}
  7872 | D:9      | Found a roughly hewn altar of Beogh.
  8439 | D:10     | Entered Level 10 of the Dungeon
  8439 | D:10     | Noticed Snorg
  8459 | D:9      | Killed Snorg
  8459 | D:9      | Reached skill level 11 in Long Blades
  8459 | D:9      | Reached skill level 5 in Dodging
  8494 | D:10     | Noticed Nergalle
  8614 | D:10     | Killed Nergalle
  8617 | D:10     | Found a runed translucent door.
  8842 | D:10     | Noticed Progressivangelist's ghost (journeyman MiBe)
  8842 | D:10     | Noticed a lich
  8843 | D:10     | Noticed a skeletal warrior
  8927 | D:10     | Killed an unseen horror
  8927 | D:10     | Reached skill level 10 in Shields
  8927 | D:10     | Reached XP level 11. HP: 95/97 MP: 10/10
  9108 | D:10     | Found a runed translucent door.
  9113 | D:10     | Noticed a fire dragon
  9164 | D:10     | Noticed a storm dragon
  9166 | D:10     | Noticed a necromancer
  9305 | Orc:1    | Entered Level 1 of the Orcish Mines
  9450 | Orc:1    | Found a frozen archway.
  9522 | IceCv    | Entered an ice cave
  9804 | IceCv    | Reached skill level 12 in Long Blades
  9980 | IceCv    | Identified a +2 pair of boots of running (You found it in
                  | an ice cave)
 10100 | IceCv    | Noticed a reaper
 10132 | IceCv    | Killed a reaper
 10136 | IceCv    | HP: 3/148 [ice devil (8)]
 10136 | IceCv    | Mangled by an ice devil

Skill      XL: |  1  2  3  4  5  6  7  8  9 10 11 |
---------------+----------------------------------+-----
Fighting       | 4 5 6 7 8 9 |  9.9
Shields        | 4 5 6 8 10 11 | 11.6
Long Blades    | 3 4 5 7 8 10 11 12 | 12.4
Armour         | 4 5 6 8 9 |  9.8
Dodging        | 1 2 3 4 5 |  5.3
Stealth        | 1 2 |  2.3
Unarmed Combat | 1 |  1.0
Evocations     | 1 |  1.4

Action                   |  1- 3 |  4- 6 |  7- 9 | 10-12 || total
-------------------------+-------+-------+-------+-------++-------
Melee: Long sword        |    58 |    99 |   326 |   545 ||  1028
       Headbutt          |    11 |    12 |    77 |   143 ||   243
       Unarmed           |       |     3 |     4 |       ||     7
Invok: Potion Petition   |       |       |       |     2 ||     2
Evoke: Wand              |       |       |     6 |     2 ||     8
  Use: Scroll            |     3 |     2 |     8 |     9 ||    22
       Potion            |     2 |       |       |     8 ||    10
 Stab: Distracted        |       |       |     2 |       ||     2
  Eat: Chunk             |       |     5 |       |       ||     5
       Ration            |       |       |     4 |     4 ||     8
Armor: Scale mail        |    27 |    29 |    88 |       ||   144
       Skin              |       |     1 |     4 |       ||     5
       Chain mail        |       |       |     2 |    98 ||   100
       Plate armour      |       |       |       |   170 ||   170
Dodge: Dodged            |    33 |    58 |   126 |   229 ||   446
Block: Shield            |    34 |    55 |   131 |   372 ||   592
       Rpst.: Long sword |     4 |    12 |    45 |    64 ||   125
